 Dungeon Crawl Stone Soup version 0.29.0-7-g18a832c13a (webtiles) character file.

Game seed: 7636904638213252777

6820 Arcadio the Frost Mage (level 11, -1/97 HPs)
             Began as a Naga Ice Elementalist on Aug 31, 2022.
             Was a Priest of Cheibriados.
             Slain by a komodo dragon (26 damage)
             ... on level 1 of the Lair of Beasts.
             The game lasted 00:34:14 (16622 turns).

Arcadio the Frost Mage (Naga Ice Elementalist)     Turns: 16622, Time: 00:34:14

Health: -1/97      AC:  6    Str: 31    XL:     11   Next: 5%
Magic:  23/23      EV: 13    Int: 26    God:    Cheibriados [***...]
Gold:   547        SH:  0    Dex: 15    Spells: 8/26 levels left

rFire   . . .      SeeInvis +   x - +2 whip (drain)
rCold   . . .      Faith    .   (no shield)
rNeg    . . .      Spirit   .   a - +0 robe
rPois   +          Reflect  .   (no helmet)
rElec   .          Harm     .   o - +0 cloak
rCorr   .          Rampage  .   D - +0 pair of gloves
Will    +....                   (no barding)
Stlth   ++++......              q - amulet "Pexziz" {RegenMP Dex-3 Slay+2 SInv Stlth+}
HPRegen 0.26/turn               n - +6 ring of strength
MPRegen 0.58/turn               i - +6 ring of strength

@: very slow
A: AC +3, large, see invisible, deformed body, poison resistance, slowness 2,
spit poison 1, naga tail 1
a: Spit Poison, Renounce Religion, Bend Time, Temporal Distortion


You were on level 1 of the Lair of Beasts.
You worshipped Cheibriados.
Cheibriados was most pleased with you.
You visited 3 branches of the dungeon, and saw 12 of its levels.

You collected 547 gold pieces.

Inventory:

Hand Weapons
 x - a +2 whip of draining (weapon)
 F - a +4 falchion of holy wrath
Armour
 a - a +0 robe (worn)
 o - a +0 cloak (worn)
 D - a +0 pair of gloves (worn)
Jewellery
 e - a ring of willpower
 i - a +6 ring of strength (right hand)
 l - a ring of protection from cold
 n - a +6 ring of strength (left hand)
 q - the amulet "Pexziz" (around neck) {RegenMP Dex-3 Slay+2 SInv Stlth+}
   (You found it on level 2 of the Dungeon)

   [amulet of magic regeneration]

   It increases your rate of magic regeneration.
   Dex:       It affects your dexterity (-3).
   Slay:      It affects your accuracy & damage with ranged weapons and melee
   (+2).
   SInv:      It lets you see invisible.
   Stlth:     It makes you more stealthy.
 I - a +4 ring of evasion
Wands
 f - a wand of polymorph (5)
 N - a wand of flame (22)
 R - a wand of charming (9)
Scrolls
 d - 2 scrolls of poison {unknown}
 j - a scroll of noise {unknown}
 k - 2 scrolls of vulnerability {unknown}
 u - 4 scrolls of amnesia {unknown}
 w - 3 scrolls of enchant weapon {unknown}
 z - a scroll of torment {unknown}
 A - a scroll of fog {unknown}
 H - a scroll of brand weapon {unknown}
 K - a scroll of enchant armour {unknown}
 M - a scroll of fear {unknown}
 O - a scroll of acquirement {unknown}
 Q - 2 scrolls of summoning {unknown}
 S - a scroll of teleportation {unknown}
Potions
 b - a potion of magic
 c - 2 potions of flight
 m - a potion of invisibility
 p - 3 potions of resistance
 r - a potion of lignification
 s - 2 potions of brilliance
 C - 2 potions of curing
 G - a potion of attraction {unknown}
 L - 2 potions of heal wounds
 P - 2 potions of berserk rage


   Skills:
 + Level 6.1 Fighting
 + Level 7.4 Dodging
 - Level 4.3 Stealth
 + Level 8.4 Spellcasting
 + Level 9.8 Ice Magic


You had 8 spell levels left.
You knew the following spells:

 Your Spells              Type           Power      Damage    Failure   Level
a - Freeze                Ice            100%       1d11      1%          1
b - Frozen Ramparts       Ice            100%       1d16      1%          3
c - Ozocubu's Armour      Ice            58%        N/A       1%          3
d - Hailstorm             Conj/Ice       36%        3d9       7%          4
e - Ozocubu's Refrigerat  Ice            29%        4d13      63%         7

Your spell library contained the following spells:

 Spells                   Type           Power      Damage    Failure   Level
 Apportation              Tloc           20%        N/A       5%          1
 Sting                    Tmut/Pois      40%        1d5       5%          1
 Poisonous Vapours        Pois/Air       20%        N/A       9%          2
 Conjure Flame            Conj/Fire      10%        6-21      16%         3
 Ignite Poison            Fire/Tmut/Pois 10%        N/A       16%         3
 Stone Arrow              Conj/Erth      20%        3d8       16%         3
 Corpse Rot               Necr/Pois/Air  10%        N/A       47%         4
 Dispel Undead            Necr           10%        3d9       47%         4
 Leda's Liquefaction      Hex/Erth       5%         N/A       47%         4
 Olgreb's Toxic Radiance  Pois           10%        N/A       47%         4
 Sticky Flame             Conj/Fire      10%        2d3       47%         4
 Alistair's Intoxication  Tmut/Pois      6%         N/A       83%         5
 Death Channel            Necr           5%         N/A       100%        6
 Shatter                  Erth           5%         3d8*      100%        9


Dungeon Overview and Level Annotations

Branches:
Dungeon (10/15) Zot: 39783  Temple (1/1) D:7 Zot: 8456    Lair (1/5) D:9 Zot: 8977
    Orc: D:9-12

Altars:
Ashenzari
Cheibriados
Dithmenos
Elyvilon
Fedhas
Gozag
Hepliaklqana
Kikubaaqudgha
Makhleb
Nemelex Xobeh
Okawaru
Qazlal
Ru
Sif Muna
Trog
Uskayaw
Vehumet
Wu Jian
Xom
Yredelemnul
Zin
The Shining One


Innate Abilities, Weirdness & Mutations

Your serpentine skin is tough. (AC +3)
You have supernaturally acute eyesight. (SInv)
Armour fits poorly on your strangely shaped body.
Your system is resistant to poisons. (rPois)
You cover ground very slowly.
You can spit poison.
You have a snake-like lower body.


Message History

There is an open door here.
You open the door.
There is an open door here.
There is an open door here.
Things that are here:
5 stones; a +0 dagger You drop a +2 dagger of venom.
You drop a +0 dagger.
You drop a potion of haste.
You drop a +0 cloak.
You drop 2 throwing nets.
You drop a +0 rapier.
You start waiting.
Done waiting.
You start waiting.
Done waiting.
You drop 3 potions of mutation.
You drop a +4 dagger.
There is a staircase to the Lair here.
You climb downwards.
Welcome to the Lair of Beasts!
Found a wand of polymorph (6) and a scroll of identify.
Found a stone staircase leading down.
There is a staircase back to the Dungeon here.
The helpless komodo dragon fails to defend itself.
You whack the komodo dragon! You drain the komodo dragon.
The komodo dragon is moderately wounded.
The komodo dragon bites you! The komodo dragon bites you!!
The bullfrog gives a loud, deep croak!
The komodo dragon barely misses you. The komodo dragon closely misses you.
The bullfrog hits you. The komodo dragon misses you. The bullfrog hits you!
The bullfrog hits you. The komodo dragon bites you!!
* * * LOW HITPOINT WARNING * * *
The bullfrog hits you but does no damage.
There is a staircase back to the Dungeon, spattered with blood here.
The bullfrog hits you.
* * * LOW HITPOINT WARNING * * *
The bullfrog closely misses you. The bullfrog barely misses you.
The komodo dragon bites you!!
You die...

#...... #......
...# ##..... ....#
.# #.#....
#...##.### .......
#...#.....
.......###.........
........@#...#.....
.......lF....#.....
...................
......../..........
?..................
.......###...#.....
.>..... #...# ....
......# #.#.# ...
.....# #.###


You could see a komodo dragon (drained) and a bullfrog.

Vanquished Creatures
  A two-headed ogre (D:8)
  Maggie (D:8)
  A komodo dragon (D:9)
  5 rime drakes (D:7)
  2 hornets (D:9)
  3 yaks (D:9)
  A wyvern (D:9)
  An acid dragon (D:8)
  2 water moccasins
  3 orc warriors
  An ice beast (D:6)
  3 ogres
  3 centaurs
  4 kobold brigands
  A phantom (D:5)
  Blork the orc (D:4)
  3 bullfrogs (D:7)
  2 gnoll sergeants
  2 scorpions (D:5)
  A necrophage (D:6)
  3 killer bees (D:9)
  2 howler monkeys
  3 hounds
  2 gnoll boudas
  2 orc priests
  3 iguanas
  16 orc wizards
  26 gnolls
  8 adders
  2 white imps (D:7)
  An ufetubus (D:5)
  5 worms
  4 dart slugs
  26 orcs
  6 ball pythons
  4 bats
  8 endoplasms
  3 giant cockroaches
  15 goblins
  16 hobgoblins
  6 jackals
  3 quokkas
  A frilled lizard (D:1)
  57 kobolds
  4 rats
267 creatures vanquished.

Vanquished Creatures (others)
  39 plants (D:9)
39 creatures vanquished.

Grand Total: 306 creatures vanquished

Notes
Turn   | Place    | Note
-------+----------+-------------------------------------------
     0 | D:1      | Arcadio the Naga Ice Elementalist began the quest for the
                  | Orb.
     0 | D:1      | Reached XP level 1. HP: 15/15 MP: 3/3
    47 | D:1      | Got Emoint's Secrets of Clay
   161 | D:1      | Noticed a golden eye
   479 | D:1      | Reached XP level 2. HP: 11/22 MP: 1/5
  1035 | D:1      | Noticed a golden eye
  1037 | D:1      | Found a faded altar of an unknown god.
  1039 | D:1      | Noticed a floating eye
  1040 | D:1      | Noticed a floating eye
  1733 | D:2      | Reached XP level 3. HP: 27/28 MP: 3/6
  1766 | D:1      | Learned a level 3 spell: Frozen Ramparts
  2332 | D:2      | Identified the amulet "Pexziz" {RegenMP Dex-3 Slay+2 SInv
                  | Stlth+}
  2764 | D:2      | Reached XP level 4. HP: 27/36 MP: 8/8
  5098 | D:3      | Reached XP level 5. HP: 32/42 MP: 6/9
  5368 | D:3      | Reached skill level 5 in Ice Magic
  5772 | D:3      | Learned a level 3 spell: Ozocubu's Armour
  5962 | D:3      | Noticed a kobold brigand
  5991 | D:3      | Killed a kobold brigand
  5992 | D:3      | Reached XP level 6. HP: 26/47 MP: 9/11
  7432 | D:4      | Noticed Blork the orc
  7437 | D:4      | Killed Blork the orc
  7566 | D:4      | Reached XP level 7. HP: 36/55 MP: 7/13
  7690 | D:4      | Reached skill level 6 in Ice Magic
  7917 | D:5      | Entered Level 5 of the Dungeon
  8294 | D:5      | Reached XP level 8. HP: 40/62 MP: 15/15
  8508 | D:5      | Reached skill level 5 in Spellcasting
  9435 | D:6      | Reached skill level 7 in Ice Magic
  9633 | D:6      | Learned a level 4 spell: Hailstorm
  9641 | D:6      | Learned a level 7 spell: Ozocubu's Refrigeration
  9699 | D:6      | Reached skill level 5 in Dodging
 10058 | D:6      | Reached XP level 9. HP: 65/69 MP: 16/18
 10290 | D:7      | Noticed a rime drake
 10290 | D:7      | Found the +4 skin of Zhor {*Englaciate rC+++ SInv}
 10312 | D:7      | Found a staircase to the Ecumenical Temple.
 10317 | Temple   | Entered the Ecumenical Temple
 10420 | Temple   | Became a worshipper of Cheibriados the Contemplative
 10623 | D:7      | Reached skill level 1 in Fighting
 11198 | D:7      | Reached * piety under Cheibriados
 11321 | D:7      | Noticed a rime drake
 11321 | D:7      | Noticed a rime drake
 11322 | D:7      | Noticed a rime drake
 11324 | D:7      | Noticed a rime drake
 11642 | D:7      | Killed a rime drake
 11643 | D:7      | Reached skill level 8 in Ice Magic
 11646 | D:7      | Killed a rime drake
 11648 | D:7      | Killed a rime drake
 11651 | D:7      | Killed a rime drake
 11673 | D:7      | Killed a rime drake
 11674 | D:7      | Reached XP level 10. HP: 21/85 MP: 15/20
 12951 | D:8      | Found a bloodstained altar of Trog.
 12951 | D:8      | Noticed Maggie
 12968 | D:8      | Killed Maggie
 13157 | D:8      | Reached ** piety under Cheibriados
 13158 | D:8      | Reached skill level 9 in Ice Magic
 13240 | D:8      | Noticed a two-headed ogre
 13250 | D:8      | Killed a two-headed ogre
 13251 | D:8      | Reached skill level 5 in Fighting
 13903 | D:9      | HP: 1/88 [yak (7)]
 14870 | D:9      | Found a staircase to the Lair.
 15028 | D:9      | Paralysed by a hornet for 1 turns
 15205 | D:9      | Reached XP level 11. HP: 79/97 MP: 21/23
 15206 | D:9      | Reached *** piety under Cheibriados
 16005 | D:10     | Entered Level 10 of the Dungeon
 16611 | Lair:1   | Entered Level 1 of the Lair of Beasts
 16622 | Lair:1   | Slain by a komodo dragon

Illustrated notes

Levels and vault maps discovered:
D:1:      beargit_arrival_greenhouse, layout_basic,
          hellmonk_ecumenical_altar_watching_god, chequers_jeans,
          minmay_misc_feat_cross, nicolae_concentric_dashed_squares_wild,
          dreamdust_princess_bridge, minivault_14, nrook_mini_backslash,
          st_stairs_7
D:2:      layout_rooms
D:3:      minmay_goblin_kobold_castle, layout_basic, minmay_goblin_outpost,
          uniq_crazy_yiuf_cottage
D:4:      layout_rooms, minivault_24, minmay_statues_item, uniq_blork_the_orc
D:5:      layout_basic
D:6:      layout_basic
D:7:      layout_gridville, minmay_temple_entry_arrows,
          hellmonk_guarded_unrand_zhor
D:8:      layout_rooms, lemuel_doored_altar, grunt_ogre_cave, uniq_maggie
D:9:      layout_irregular_city, david_lair_shrubbed, minmay_increasing_density
D:10:     layout_roguey [special_room_orc], david_orc_3
Temple:   roderic_octagonal_lattice_temple
Lair:1:   layout_gridlike, uniq_amaemon

Skill      XL: |  1  2  3  4  5  6  7  8  9 10 |
---------------+-------------------------------+-----
Stealth        | 4 |  4.3
Dodging        | 2 3 4 5 6 7 |  7.4
Spellcasting   | 3 4 6 7 8 |  8.4
Ice Magic      | 5 6 7 8 9 |  9.8
Fighting       | 4 6 |  6.1

Action                   |  1- 3 |  4- 6 |  7- 9 | 10-12 || total
-------------------------+-------+-------+-------+-------++-------
Melee: Dagger            |    95 |   115 |       |       ||   210
       Punch             |     2 |     2 |     4 |       ||     8
       Whip              |       |    61 |   148 |    88 ||   297
 Cast: Freeze            |    30 |    21 |    12 |     4 ||    67
       Frozen Ramparts   |     3 |    19 |    20 |    24 ||    66
       Ozocubu's Armour  |       |     6 |    13 |    11 ||    30
       Hailstorm         |       |       |       |     4 ||     4
 Abil: Spit Poison       |       |     6 |     2 |     4 ||    12
  Use: Scroll            |       |     4 |     2 |     5 ||    11
       Potion            |       |     3 |     2 |     5 ||    10
 Stab: Sleeping          |     3 |     9 |     4 |     2 ||    18
Armor: Robe              |    26 |    55 |    57 |    63 ||   201
       Skin              |       |       |     5 |       ||     5
Dodge: Dodged            |    80 |   111 |    82 |   103 ||   376
